 Dungeon Crawl Stone Soup version 0.24-a0-347-g1a3e1d35ff (webtiles) character file.

Game seed: 8358351292684773908

7023 nikopol the Thaumaturge (level 10, -4/54 HPs)
             Began as a Deep Elf Fire Elementalist on May 21, 2019.
             Was a Believer of Vehumet.
             Slain by a wolf (7 damage)
             ... on level 8 of the Dungeon on May 22, 2019.
             The game lasted 00:30:39 (9946 turns).

nikopol the Thaumaturge (DEFE)                      Turns: 9946, Time: 00:30:40

Health: -4/54      AC:  5    Str:  5    XL:     10   Next: 82%
Magic:  14/28      EV: 15    Int: 24    God:    Vehumet [**....]
Gold:   490        SH:  0    Dex: 15    Spells: 14/33 levels left

rFire    . . .     SeeInvis .   m - +2 dagger (drain)
rCold    + . .     Gourm    .   (no shield)
rNeg     . . .     Faith    .   a - +0 robe
rPois    .         Spirit   .   v - +0 helmet (curse)
rElec    .         Reflect  .   t - +1 cloak
rCorr    .         Harm     .   (no gloves)
MR       +....                  (no boots)
Stlth    +++.......             (no amulet)
HPRegen  0.18/turn              g - ring of protection from cold
MPRegen  0.21/turn              (no ring)

@: no status effects
A: no striking features
a: Renounce Religion


You were on level 8 of the Dungeon.
You worshipped Vehumet.
Vehumet was pleased with you.
You were not hungry.

You visited 3 branches of the dungeon, and saw 10 of its levels.

You collected 490 gold pieces.

Inventory:

Hand Weapons
 j - a +0 dagger
 m - a +2 dagger of draining (weapon)
Armour
 a - a +0 robe (worn)
 r - a +0 cloak
 t - a +1 cloak (worn)
 v - a cursed +0 helmet (worn)
Jewellery
 g - a ring of protection from cold (left hand)
 D - a +4 ring of strength {unknown}
Wands
 k - a wand of acid (5)
 l - a wand of paralysis (8)
 o - a wand of flame (23)
 y - a wand of polymorph (7)
 E - a wand of iceblast (6)
 H - a wand of scattershot (5)
Scrolls
 b - 5 scrolls of identify
 d - 4 scrolls of teleportation {unknown}
 f - 6 scrolls of remove curse {unknown}
 p - 4 scrolls of fear {unknown}
 q - 2 scrolls of enchant weapon {unknown}
 s - 3 scrolls of noise {unknown}
 w - 2 scrolls of random uselessness {unknown}
 x - 2 scrolls of blinking {unknown}
 A - a scroll of immolation {unknown}
 C - a scroll of amnesia {unknown}
 F - 4 scrolls of magic mapping {unknown}
 G - a scroll of silence {unknown}
Potions
 e - a potion of invisibility
 h - 2 potions of haste
 i - 4 potions of curing
 n - 2 potions of flight
 u - a potion of agility {unknown}
 z - a potion of mutation {unknown}
 B - a potion of heal wounds {unknown}
Comestibles
 c - 14 rations
 I - 6 chunks of flesh


   Skills:
 + Level 2.3 Fighting
 + Level 5.5 Dodging
 + Level 5.1 Stealth
 + Level 12.3 Spellcasting
 + Level 9.4 Conjurations
 + Level 2.1 Translocations
 + Level 9.9 Fire Magic


You had 14 spell levels left.
You knew the following spells:

 Your Spells              Type           Power        Failure   Level  Hunger
a - Flame Tongue          Conj/Fire      #####        1%          1    None
b - Throw Flame           Conj/Fire      ######       1%          2    None
c - Conjure Flame         Conj/Fire      ######..     1%          3    None
d - Sticky Flame          Conj/Fire      ######..     1%          4    None
e - Fireball              Conj/Fire      ######....   2%          5    ###....
f - Force Lance           Conj/Tloc      #####...     3%          4    None

Your spell library contained the following spells:

 Spells                   Type           Power        Failure   Level  Hunger
 Sting                    Conj/Pois      ####         1%          1    None
 Apportation              Tloc           ####..       1%          1    None
 Magic Dart               Conj           ####         1%          1    None
 Searing Ray              Conj           ######       1%          2    None
 Dazzling Spray           Conj/Hex       #####.       1%          3    None
 Inner Flame              Hex/Fire       #####...     1%          3    None
 Iskenderun's Mystic Bla  Conj           ######..     1%          4    None
 Animate Skeleton         Necr           N/A          4%          1    None
 Confusing Touch          Hex            ##....       4%          1    None
 Summon Small Mammal      Summ           ##..         4%          1    None
 Fulminant Prism          Conj/Hex       #####.....   6%          4    None


Dungeon Overview and Level Annotations

Branches:
Dungeon (8/15)             Temple (1/1) D:7            Lair (1/6) D:8

Altars:
Ashenzari
Cheibriados
Elyvilon
Fedhas
Gozag
Hepliaklqana
Kikubaaqudgha
Makhleb
Nemelex Xobeh
Qazlal
Ru
Sif Muna
Trog
Uskayaw
Vehumet
Wu Jian
Xom
Yredelemnul
Zin
The Shining One

Shops:
D:6 *


Message History

The sticky flame hits the wolf.
The wolf is heavily wounded.
The wolf is covered in liquid flames!
The bullfrog burns!
The wolf burns!
The wolf bites you. The bullfrog misses you. The wolf barely misses you.
The wolf completely misses you. The bullfrog hits you.
* * * LOW HITPOINT WARNING * * *
Casting: Sticky Flame (safe; 1% risk of failure)
Confirm with . or Enter, or press ? or * to list all spells.
Aiming: Sticky Flame (safe; 1% risk of failure)
Press: ? - help, Shift-Dir - straight line, f - wolf, p - wolf
Aim: a wolf The sticky flame hits the wolf.
The wolf is lightly wounded.
The wolf is covered in liquid flames!
The wolf burns!
The bullfrog burns!
The wolf burns!
The wolf bites you!
* * * LOW HITPOINT WARNING * * *
The wolf barely misses you. The bullfrog hits you.
* * * LOW HITPOINT WARNING * * *
The wolf bites you!
You die...

.......# #.#.######### ########
#.#..### ###......###
##....P.....## #..P...PPP.P.#
##...P........## #P.............#
## ########....P####.P...##### #.
###........P...#@F#.........# #.
#...#.......P..#hh#...P..##.# #.
#........#.P.P.##'#.....###.# #.
#...#.........P.÷.PP....# #.####.
##..######....P÷...PPPP.###......
##..######....[.P.P.....)...###..
..................P......#### #..
##.###.#######....P.#.....# #..
#.# #.# ##'#.####.....# ##.


You could see 2 wolves and a bullfrog (burning).

Vanquished Creatures
  A hydra (D:8)
  A two-headed ogre (D:8)
  A hippogriff (D:8)
  2 dream sheep (D:8)
  2 yaks (D:8)
  A wyvern (D:8)
  A water moccasin (D:8)
  5 orc warriors
  2 porcupines (D:8)
  2 ice beasts (D:8)
  3 phantoms
  3 sky beasts
  4 ogres
  A black bear (D:8)
  2 wolves
  3 centaurs
  A crocodile (D:8)
  3 big kobolds (D:8)
  8 bullfrogs
  3 scorpions
  3 wights (D:6)
  A howler monkey (D:7)
  An electric eel (Lair:1)
  A crimson imp (D:6)
  7 orc priests
  2 bullfrog skeletons
  3 hounds
  10 orc wizards
  2 centaur skeletons
  Jessica (D:2)
  An iguana (D:7)
  7 worker ants
  A killer bee zombie (D:7)
  A hound zombie (D:5)
  A hound skeleton (D:7)
  A howler monkey skeleton (D:4)
  9 adders
  3 shadow imps
  An adder zombie (D:8)
  3 oozes (D:2)
  2 adder skeletons (D:4)
  3 worms
  4 dart slugs
  4 leopard geckos
  53 orcs
  4 ball pythons
  8 giant cockroaches
  7 goblins
  12 hobgoblins
  10 jackals
  8 bats
  9 frilled lizards
  2 jackal skeletons
  10 kobolds
  A quokka skeleton (D:8)
  A quokka zombie (D:7)
  5 rats
251 creatures vanquished.

Vanquished Creatures (others)
  5 fungi (D:8)
  7 plants (D:8)
12 creatures vanquished.

Grand Total: 263 creatures vanquished

Notes
Turn   | Place    | Note
-------+----------+-------------------------------------------
     0 | D:1      | nikopol the Deep Elf Fire Elementalist began the quest for
                  | the Orb.
     0 | D:1      | Reached XP level 1. HP: 10/10 MP: 6/6
   102 | D:1      | Reached XP level 2. HP: 15/15 MP: 1/8
   470 | D:1      | Reached XP level 3. HP: 19/19 MP: 1/9
   552 | D:1      | Learned a level 2 spell: Throw Flame
   556 | D:1      | Learned a level 3 spell: Conjure Flame
   848 | D:1      | Found a sparkling altar of Nemelex Xobeh.
  1256 | D:2      | Reached skill level 4 in Spellcasting
  1256 | D:2      | Reached XP level 4. HP: 24/24 MP: 7/12
  1262 | D:2      | Learned a level 4 spell: Sticky Flame
  1467 | D:2      | Found a sacrificial altar of Ru.
  1633 | D:2      | Noticed Jessica
  1637 | D:2      | Killed Jessica
  1637 | D:2      | Reached XP level 5. HP: 28/28 MP: 11/13
  1796 | D:2      | Found a hazy altar of Hepliaklqana.
  2375 | D:3      | Reached skill level 5 in Fire Magic
  2541 | D:4      | Reached skill level 5 in Spellcasting
  2629 | D:4      | Found an opulent altar of Gozag.
  2637 | D:4      | Reached XP level 6. HP: 25/32 MP: 8/15
  3324 | D:4      | Reached XP level 7. HP: 33/36 MP: 13/17
  3891 | D:5      | Entered Level 5 of the Dungeon
  3943 | D:5      | Found a snail-covered altar of Cheibriados.
  3964 | D:5      | Reached skill level 6 in Spellcasting
  4074 | D:5      | Reached skill level 5 in Conjurations
  4910 | D:5      | Learned a level 5 spell: Fireball
  4917 | D:6      | Found Qeimodgh's Assorted Antiques.
  5048 | D:6      | Learned a level 4 spell: Force Lance
  5053 | D:6      | Reached skill level 7 in Spellcasting
  5290 | D:6      | Reached XP level 8. HP: 34/42 MP: 8/20
  5356 | D:6      | Reached skill level 1 in Fighting
  5446 | D:6      | Found a glowing golden altar of the Shining One.
  5570 | D:6      | Reached skill level 1 in Translocations
  5903 | D:6      | Reached skill level 8 in Spellcasting
  6519 | D:7      | Reached XP level 9. HP: 36/48 MP: 14/23
  6788 | D:7      | Found a blossoming altar of Fedhas.
  6794 | D:7      | Reached skill level 5 in Dodging
  7007 | D:7      | Found a staircase to the Ecumenical Temple.
  7033 | Temple   | Entered the Ecumenical Temple
  7174 | Temple   | Became a worshipper of Vehumet
  7403 | D:7      | Found a deep blue altar of Sif Muna.
  7534 | D:8      | Reached skill level 9 in Spellcasting
  7595 | D:8      | Noticed a two-headed ogre
  7607 | D:8      | Killed a two-headed ogre
  7607 | D:8      | Reached skill level 10 in Spellcasting
  7743 | D:8      | Found a hide-covered altar of Uskayaw.
  7745 | D:8      | Noticed a +0 dagger
  7745 | D:8      | Noticed a +0 dagger
  7915 | D:8      | Reached * piety under Vehumet
  7915 | D:8      | Offered knowledge of Freeze by Vehumet.
  7951 | D:8      | Reached XP level 10. HP: 54/54 MP: 1/26
  8241 | D:8      | Identified the cursed +0 chain mail "Egineuq" {-Cast rC+++
                  | Regen+ Stlth+}
  8400 | D:8      | Found a staircase to the Lair.
  8620 | D:8      | Found a shimmering altar of Xom.
  8701 | D:8      | Upgraded the game from 0.24-a0-342-gad4687c37d to
                  | 0.24-a0-347-g1a3e1d35ff
  8801 | D:8      | Reached skill level 11 in Spellcasting
  8900 | D:8      | Offered knowledge of Sting by Vehumet.
  9132 | D:8      | Found a shattered altar of Ashenzari.
  9266 | D:8      | Reached ** piety under Vehumet
  9273 | D:8      | Noticed a two-headed hydra
  9647 | D:8      | Killed a two-headed hydra
  9647 | D:8      | Reached skill level 5 in Stealth
  9647 | D:8      | Reached skill level 12 in Spellcasting
  9864 | Lair:1   | Entered Level 1 of the Lair of Beasts
  9946 | D:8      | Slain by a wolf

Levels and vault maps discovered:
D:1:      enne_arrival_octagon_isle, layout_basic,
          nemelex_xobeh_ov_fountains_minmay
D:2:      layout_loops_cross, marbit_many_paths, lemuel_crystal_altar,
          uniq_jessica
D:3:      layout_basic
D:4:      layout_loops_cross, kennysheep_mini, first_ration
D:5:      layout_basic, kennysheep_slug_shrine
D:6:      layout_loops_cross, tso_metal_star, serial_shops,
          nicolae_shop_waterfront
D:7:      layout_cave_pools, old_standard_altar, lemuel_coloured_pillars_altar,
          minmay_temple_entry_enclosed_plants, kennysheep_generic_room_4
D:8:      layout_loops_corners, dancing_weapons_uskayaw,
          nicolae_overflow_hidden_temple, grunt_lair_entry_orc_guard_hut,
          basic_altar, special_room [special_room_orc],
          minmay_misc_feat_nine_boxes, hangedman_ranch [blue_anna_fruit_fields]
Temple:   minmay_temple_curvy_loop
Lair:1:   layout_gridlike, infiniplex_staircase_pool, grunt_megastairs_2

Skill      XL: |  1  2  3  4  5  6  7  8  9 10 |
---------------+-------------------------------+-----
Fire Magic     | 4 5 6 7 8 9 |  9.9
Spellcasting   | 4 5 7 8 10 12 | 12.3
Conjurations   | 2 3 4 5 7 8 9 |  9.4
Dodging        | 3 4 5 |  5.5
Stealth        | 3 4 5 |  5.1
Fighting       | 1 2 |  2.3
Translocations | 1 2 |  2.1

Action                   |  1- 3 |  4- 6 |  7- 9 | 10-12 || total
-------------------------+-------+-------+-------+-------++-------
Melee: Dagger            |    14 |       |    88 |       ||   102
 Cast: Flame Tongue      |    79 |   122 |   220 |    64 ||   485
       Sticky Flame      |       |     6 |    22 |    14 ||    42
       Force Lance       |       |       |     7 |     1 ||     8
       Throw Flame       |       |       |     7 |       ||     7
       Conjure Flame     |       |       |     7 |     3 ||    10
       Fireball          |       |       |     4 |    19 ||    23
  Use: Scroll            |       |     4 |       |       ||     4
  Eat: Chunk             |       |     8 |    13 |     9 ||    30
       Ration            |       |       |     1 |       ||     1
Armor: Robe              |     9 |     5 |    51 |     8 ||    73
Dodge: Dodged            |    30 |    39 |    83 |    43 ||   195

Table legend:
 A = Non-vault XP
 B = Vault XP
 C = Vault XP percentage of total XP
 D = Non-vault monster count
 E = Vault monster count
 F = Vault count percentage of total count
                 A         B        C        D         E       F
            +---------+---------+-------+---------+---------+-------
      Total |    6474 |    3560 |  35.5 |     213 |      38 |  15.1
            +---------+---------+-------+---------+---------+-------
        D:1 |      57 |       0 |   0.0 |      33 |       0 |   0.0
        D:2 |     113 |      38 |  25.2 |      28 |       2 |   6.7
        D:3 |     114 |       0 |   0.0 |      31 |       0 |   0.0
        D:4 |     510 |       0 |   0.0 |      29 |       0 |   0.0
        D:5 |     474 |       4 |   0.8 |       8 |       1 |  11.1
        D:6 |     981 |       0 |   0.0 |      17 |       0 |   0.0
        D:7 |    1185 |      31 |   2.5 |      27 |       1 |   3.6
        D:8 |    2872 |    3487 |  54.8 |      38 |      34 |  47.2
     Lair:1 |     168 |       0 |   0.0 |       2 |       0 |   0.0
            +---------+---------+-------+---------+---------+-------
